 Dungeon Crawl Stone Soup version 0.28-a0-479-g5baa6b73be (webtiles) character file.

Game seed: 4634061172830511219

3998 Shayle the Fighter (level 10, -3/107 HPs)
             Began as an Ogre Warper on Sept 19, 2021.
             Was a Follower of the Shining One.
             Slain by Gastronok (8 damage)
             ... on level 8 of the Dungeon.
             The game lasted 00:24:38 (12445 turns).

Shayle the Fighter (Ogre Warper)                   Turns: 12445, Time: 00:24:40

Health: -3/107     AC:  5    Str: 17    XL:     10   Next: 23%
Magic:  21/21      EV:  9    Int: 17    God:    the Shining One [*.....]
Gold:   451        SH:  0    Dex:  8    Spells: 16/24 levels left

rFire   . . .      SeeInvis .   e - +3 trident (venom)
rCold   + . .      Faith    .   (no shield)
rNeg    . . .      Spirit   .   b - +1 robe
rPois   +          Reflect  .   (helmet restricted)
rElec   .          Harm     .   A - +0 cloak
rCorr   .          Rampage  .   (gloves unavailable)
Will    +....                   (boots unavailable)
Stlth   +.........              q - amulet of the acrobat
HPRegen 0.27/turn               o - ring of poison resistance
MPRegen 0.17/turn               p - ring of protection from cold

@: glowing
A: large, unfitting armour, tough skin 1
a: Renounce Religion


You were on level 8 of the Dungeon.
You worshipped the Shining One.
The Shining One was aware of your devotion.
You visited 2 branches of the dungeon, and saw 9 of its levels.

You collected 451 gold pieces.

Inventory:

Hand Weapons
 a - a +0 spear
 e - a +3 trident of venom (weapon)
 l - a +1 short sword of freezing
 m - a +2 short sword of protection
 r - a +2 vorpal flail
 z - a +2 dagger of venom
 G - the +7 long sword of Ovaungack {drain, rF+ MP+9}
   (You found it on level 6 of the Dungeon)

   A truly terrible weapon, it drains the life of any living foe it strikes.
   rF:        It protects you from fire.
   MP:        It affects your magic capacity (+9).
   The Shining One disapproves of the use of such an item.
 L - a +1 spectral quarterstaff
Missiles
 j - 5 javelins (quivered)
 k - 21 poisoned darts
 D - 3 boomerangs
 M - a throwing net
 Q - 2 silver javelins
Armour
 b - a +1 robe (worn)
 g - a +0 tower shield
 A - a +0 cloak (worn)
Jewellery
 o - a ring of poison resistance (left hand)
 p - a ring of protection from cold (right hand)
 q - an amulet of the acrobat (around neck)
 u - an amulet of reflection
 x - a ring of flight
 J - a +6 ring of intelligence
 O - a ring of willpower
Wands
 F - a wand of iceblast (1)
 I - a wand of flame (12)
 K - a wand of polymorph (11)
Scrolls
 c - a scroll of blinking
 h - 2 scrolls of magic mapping
 n - a scroll of immolation
 s - a scroll of enchant armour
 y - a scroll of amnesia
 N - a scroll of noise
 P - 3 scrolls of identify
Potions
 d - 2 potions of brilliance
 f - a potion of degeneration {unknown}
 t - a potion of cancellation {unknown}
 v - 2 potions of attraction
 w - a potion of magic
 B - a potion of haste {unknown}
 C - a potion of ambrosia
 E - a potion of flight {unknown}
 H - 2 potions of invisibility {unknown}


   Skills:
 + Level 9.1 Fighting
 + Level 7.0 Polearms
 - Level 1.0 Throwing
 - Level 2.1 Dodging
 + Level 5.8 Shields
 + Level 7.7 Spellcasting
 - Level 2.6 Translocations
 + Level 6.1 Invocations


You had 16 spell levels left.
You knew the following spells:

 Your Spells              Type           Power      Damage    Failure   Level
a - Blink                 Tloc           N/A        N/A       5%          2
b - Teleport Other        Tloc           15%        N/A       11%         3
c - Gell's Gravitas       Tloc           7%         N/A       11%         3

Your spell library contained the following spells:

 Spells                   Type           Power      Damage    Failure   Level
 Apportation              Tloc           30%        N/A       3%          1
 Animate Skeleton         Necr           12%        N/A       11%         1
 Summon Small Mammal      Summ           24%        N/A       11%         1
 Lesser Beckoning         Tloc           15%        N/A       11%         3
 Portal Projectile        Hex/Tloc       22%        N/A       19%         3
 Call Canine Familiar     Summ           6%         N/A       32%         3
 Manifold Assault         Tloc           15%        N/A       69%         5
 Leda's Liquefaction      Hex/Erth       3%         N/A       71%         4


Dungeon Overview and Level Annotations

Branches:
Dungeon (8/15)             Temple (1/1) D:6
   Lair: D:8-11

Altars:
Cheibriados
Elyvilon
Hepliaklqana
Makhleb
Nemelex Xobeh
Trog
Wu Jian
Zin
The Shining One

Shops:
D:6 !

Annotations:
D:8 Gastronok


Innate Abilities, Weirdness & Mutations

You are too large for most types of armour.
You have tough skin. (AC +1)


Message History

The mass of ice explodes!
The iceblast engulfs Gastronok!
Gastronok is heavily wounded.
You hear two shouts!
Gastronok bites you!
* * * LOW HITPOINT WARNING * * *
Aiming: Iceblast
Press: ? - help, Shift-Dir - straight line The mass of ice explodes!
The iceblast engulfs Gastronok!
Gastronok is severely wounded.
Aiming: Iceblast
Press: ? - help, Shift-Dir - straight line The mass of ice explodes!
The iceblast engulfs Gastronok!
Gastronok is severely wounded.
Gastronok makes a strange noise.
Gastronok mumbles some strange words.
Aiming: Iceblast
Press: ? - help, Shift-Dir - straight line The mass of ice explodes!
The iceblast engulfs Gastronok.
Gastronok is severely wounded.
Okay, then.
Okay, then.
Okay, then.
Okay, then.
Casting: Teleport Other (dangerous; 11% risk of failure)
Confirm with . or Enter, or press ? or * to list all spells.
Okay, then.
You hit Gastronok.
Gastronok is severely wounded.
Gastronok closely misses you.
Okay, then.
You puncture Gastronok!
Gastronok looks as sick as possible!
Gastronok is almost dead.
The river rat bites you but does no damage.
You hit Gastronok.
Gastronok looks as sick as possible!
Gastronok is almost dead.
The river rat bites you!
* * * LOW HITPOINT WARNING * * *
Gastronok gurgles.
Gastronok bites you!
You die...

### ... #.#.# #.#.#
#.#.# #.#.###########
#.#.............
#.#....#wr.#...#
#.####.#.##.r@.......
#........####...#...#
#########.###
.....!(.. ..........#
######### ######.####
#.# ######.# ....##.#
###.##.#


You could see Gastronok (swift, extremely poisoned) and 2 river rats.

Vanquished Creatures
  Harold (D:7)
  Joseph (D:7)
  A water moccasin (D:7)
  A sky beast (D:7)
  4 ogres
  An orc warrior (D:7)
  2 phantoms
  4 centaurs
  4 scorpions
  3 bullfrogs
  3 killer bees
  4 wights (D:6)
  2 electric eels (D:7)
  2 howler monkeys
  A bullfrog zombie (D:5)
  4 hounds
  3 orc priests
  4 jellies
  6 iguanas
  A scorpion zombie (D:5)
  8 orc wizards
  A hound skeleton (D:4)
  A howler monkey zombie (D:5)
  4 gnolls
  6 adders
  A shadow imp (D:5)
  A white imp (D:7)
  An ufetubus (D:4)
  An adder skeleton (D:4)
  A worm (D:3)
  3 dart slugs
  24 orcs
  5 ball pythons
  11 endoplasms (D:4)
  3 giant cockroaches
  5 goblins
  3 hobgoblins
  A quokka (D:3)
  2 bats
  3 frilled lizards
  12 kobolds
  A quokka skeleton (D:4)
  4 rats
154 creatures vanquished.

Vanquished Creatures (others)
  8 fungi (D:4)
  8 toadstools (D:4)
16 creatures vanquished.

Grand Total: 170 creatures vanquished

Notes
Turn   | Place    | Note
-------+----------+-------------------------------------------
     0 | D:1      | Shayle the Ogre Warper began the quest for the Orb.
     0 | D:1      | Reached XP level 1. HP: 22/22 MP: 3/3
   359 | D:1      | Reached skill level 3 in Fighting
   359 | D:1      | Reached XP level 2. HP: 10/31 MP: 5/5
  1368 | D:2      | Reached XP level 3. HP: 16/37 MP: 7/7
  2017 | D:2      | Reached skill level 1 in Shields
  2017 | D:2      | Reached XP level 4. HP: 27/48 MP: 8/8
  2516 | D:3      | Reached skill level 4 in Fighting
  2525 | D:3      | Found a burning altar of Makhleb.
  2595 | D:3      | Found a snail-covered altar of Cheibriados.
  2684 | D:3      | Found a faded altar of an unknown god.
  2757 | D:3      | Found a white marble altar of Elyvilon.
  2757 | D:3      | Found a glowing silver altar of Zin.
  2757 | D:3      | Found a glowing golden altar of the Shining One.
  2808 | D:2      | Reached XP level 5. HP: 49/54 MP: 10/10
  3576 | D:4      | Reached XP level 6. HP: 50/63 MP: 10/12
  3579 | D:4      | Learned a level 2 spell: Blink
  3583 | D:4      | Learned a level 3 spell: Teleport Other
  3587 | D:4      | Learned a level 3 spell: Gell's Gravitas
  4149 | D:4      | Reached skill level 5 in Fighting
  4716 | D:5      | Entered Level 5 of the Dungeon
  4716 | D:5      | Found a bloodstained altar of Trog.
  5028 | D:3      | Found a hazy altar of Hepliaklqana.
  5082 | D:3      | Became a worshipper of the Shining One
  5224 | D:4      | Reached XP level 7. HP: 39/72 MP: 13/13
  5860 | D:5      | Reached skill level 1 in Invocations
  6775 | D:5      | Reached skill level 5 in Spellcasting
  6984 | D:5      | Reached skill level 6 in Fighting
  7049 | D:5      | Reached XP level 8. HP: 53/83 MP: 15/15
  7773 | D:5      | Reached skill level 5 in Polearms
  8245 | D:6      | Found Laomesoe's Distillery.
  8925 | D:6      | Found a staircase to the Ecumenical Temple.
  8933 | D:6      | Reached skill level 7 in Fighting
  8962 | Temple   | Entered the Ecumenical Temple
  9135 | D:6      | Reached XP level 9. HP: 37/90 MP: 18/18
  9376 | D:6      | Reached * piety under the Shining One
  9377 | D:6      | Identified the +7 long sword of Ovaungack {drain, rF+ MP+9}
 10111 | D:7      | Noticed Harold
 10241 | D:7      | Killed Harold
 10242 | D:7      | Reached skill level 8 in Fighting
 10242 | D:7      | Reached skill level 5 in Shields
 10242 | D:7      | Reached skill level 5 in Invocations
 10583 | D:7      | Noticed Joseph
 10603 | D:7      | Killed Joseph
 11011 | D:7      | Reached XP level 10. HP: 37/106 MP: 19/21
 11400 | D:7      | Reached skill level 9 in Fighting
 12427 | D:8      | Noticed Gastronok
 12437 | D:8      | HP: 5/107 [Gastronok (36)]
 12445 | D:8      | HP: 5/107 [river rat[Gastronok] (7)]
 12445 | D:8      | Slain by Gastronok

Illustrated notes

Levels and vault maps discovered:
D:1:      dpeg_arrival_lava_temple_mockup, layout_basic,
          hangedman_decor_peaks_small, chequers_serial_rivers_small_b
D:2:      layout_rooms, minmay_misc_feat_chi, minmay_puff
D:3:      layout_rooms, good_gods_mini_temple, mainiacjoe_overflow_brackets,
          nicolae_overflow_hidden_temple, hellmonk_ecumenical_altar_lost_god,
          chequers_jeans, moated_statue
D:4:      cheibrodos_fertilizer, layout_layer_cave, kennysheep_generic_room_4
D:5:      layout_rooms, amcnicky_altar_gilded
D:6:      layout_basic, minmay_temple_entry_mini_moons, serial_shops,
          nicolae_take_the_stairs
D:7:      layout_basic, minivault_14, uniq_joseph, uniq_harold
D:8:      layout_loops_ring, lemuel_coloured_pillars_altar,
          kennysheep_generic_room_10, uniq_gastronok
Temple:   nicolae_temple_great_sept

Skill      XL: |  1  2  3  4  5  6  7  8  9 10 |
---------------+-------------------------------+-----
Fighting       | 3 4 5 6 7 8 9 |  9.1
Spellcasting   | 3 4 5 6 7 |  7.7
Shields        | 1 2 3 4 5 |  5.8
Polearms       | 3 4 5 6 7 |  7.0
Invocations    | 2 3 5 6 |  6.1
Throwing       | |  1.0
Dodging        | |  2.1
Translocations | |  2.6

Action                   |  1- 3 |  4- 6 |  7- 9 | 10-12 || total
-------------------------+-------+-------+-------+-------++-------
Melee: Spear             |    51 |       |       |       ||    51
       Short sword       |    55 |   183 |       |       ||   238
       Dagger            |       |    75 |    93 |       ||   168
       Trident           |       |       |   154 |    72 ||   226
Throw: Boomerang         |       |       |     5 |       ||     5
 Cast: Gell's Gravitas   |       |     3 |       |       ||     3
       Teleport Other    |       |       |     4 |     2 ||     6
       Blink             |       |       |     4 |       ||     4
Evoke: Wand              |       |       |     9 |     4 ||    13
  Use: Scroll            |     1 |       |     9 |     6 ||    16
       Potion            |       |       |     7 |     2 ||     9
Armor: Robe              |    31 |    93 |    51 |    24 ||   199
Dodge: Dodged            |    31 |   161 |   139 |    45 ||   376

Table legend: (Time is in decaauts)
 A = Elapsed time spent in this place.
 B = Non-inter-level travel time spent in this place.
 C = Inter-level travel time spent in this place.
 D = Time resting spent in this place.
 E = Time spent auto-exploring this place.
 F = Levels seen in this place.
 G = Mean time per level.
                   A        B        C        D        E       F      G
               +--------+--------+--------+--------+--------+-----+--------+
         Total |  12501 |  12238 |    263 |   4981 |   4953 |   9 | 1389.0 |
       Dungeon |  12499 |  12236 |    263 |   4981 |   4953 |   8 | 1562.4 |
        Temple |      1 |      1 |      0 |      0 |      0 |   1 |    1.0 |
               +--------+--------+--------+--------+--------+-----+--------+

Top non-repeatable levels by time:
     D:4: 3268 daAuts
     D:6: 2309 daAuts
     D:5: 1950 daAuts
     D:2: 1601 daAuts
     D:3: 972 daAuts
     D:1: 940 daAuts
     D:7: 889 daAuts
     D:8: 567 daAuts
  Temple: 1 daAuts
